AoeStats
← stanley177777

Black Forest

509758826Analyzed
3v3 RM · 5d ago on Sep 27, 2026· 70m 17s· 6 players
Game mode
Random Map
Map size
Normal (6 player)
Population
200
Speed
Normal
Resources
Standard
Victory
Conquest
Starting age
Dark Age
Ending age
Imperial Age
RankedLock teamsTeams togetherTeam positionsShared explorationLock speedFull tech treeHidden civsTurbo modeCheats
Victory
Defeat
🇹🇼 Lithuanians · Taiwan
1039
+14
🇩🇴 Varangians · Dominican Republic
1032
+14
🇺🇸 Britons · United States
972
+16
🇦🇷 Bohemians · Argentina
997
-15
🇦🇷 Italians · Argentina
986
-15
🇦🇷 Hindustanis · Argentina
968
-14
Governator01
0:28 Loom
12:27 Feudal Age
12:30 Man-at-Arms
17:21 Wheelbarrow
16:37 Double-Bit Axe
16:52 Arson
17:20 Forging
21:23 Castle Age
22:46 Bow Saw
23:54 Hand Cart
26:35 Horse Collar
32:55 Imperial Age
32:07 Squires
32:38 Fletching
33:16 Bodkin Arrow
33:49 Ballistics
33:11 Treadmill Crane
33:41 Masonry
33:46 Fortified Wall
33:17 Treadmill Crane
33:48 Masonry
34:40 Chemistry
36:11 Conscription
37:54 Bracer
37:55 Padded Archer Armor
39:34 Iron Casting
38:59 Scale Mail Armor
39:14 Pikeman
41:20 Architecture
40:57 Siege Engineers
40:16 Pikeman
42:14 Yeomen
42:32 Long Swordsman
44:49 Blast Furnace
44:05 Chain Mail Armor
43:56 Scale Barding Armor
44:09 Leather Archer Armor
43:57 Warwolf
43:58 Halberdier
44:48 Capped Ram
45:46 Elite Longbowman
46:58 Two-Handed Swordsman
48:12 Ring Archer Armor
48:12 Plate Mail Armor
50:41 Onager
51:28 Caravan
61:38 Champion
62:53 Gambesons
63:33 Town Watch
faraon_1430
1:23 Loom
16:13 Feudal Age
22:14 Castle Age
21:48 Double-Bit Axe
27:54 Horse Collar
31:37 Imperial Age
30:01 Wheelbarrow
30:10 Fishing Lines
30:26 Gold Mining
31:24 Forging
32:32 Town Watch
33:38 Scale Barding Armor
34:11 Caravan
35:41 Iron Casting
36:04 Chain Barding Armor
36:52 Conscription
36:30 Vendel Legacy
37:48 Bloodlines
37:39 Husbandry
40:18 Blast Furnace
39:10 Fletching
39:57 Plate Barding Armor
41:56 Elite Jarl
42:05 Light Cavalry
43:34 Hand Cart
43:17 Bodkin Arrow
46:31 Hussar
48:10 Ballistics
48:51 Chemistry
50:52 Gothikon
54:25 Bracer
54:26 Padded Archer Armor
54:04 Capped Ram
57:00 Leather Archer Armor
58:21 Siege Ram
69:59 Town Patrol
70:33 Ring Archer Armor
stanley177777
6:22 Loom
12:25 Feudal Age
16:56 Castle Age
15:11 Double-Bit Axe
16:26 Horse Collar
19:15 Bow Saw
20:22 Wheelbarrow
25:09 Heavy Plow
26:09 Hand Cart
27:59 Gold Mining
27:59 Stone Mining
30:33 Stone Shaft Mining
30:10 Treadmill Crane
30:42 Masonry
30:55 Ballistics
33:26 Imperial Age
32:55 Caravan
34:17 Bloodlines
34:07 Husbandry
33:30 Light Cavalry
34:28 Forging
34:23 Scale Barding Armor
34:29 Tower Shields
34:50 Conscription
35:28 Crop Rotation
36:01 Two-Man Saw
36:33 Iron Casting
36:18 Chain Barding Armor
35:27 Elite Leitis
36:28 Conscription
37:49 Squires
37:35 Arson
37:11 Pikeman
39:20 Plate Barding Armor
39:06 Scale Mail Armor
38:30 Halberdier
38:33 Winged Hussar
41:06 Chain Mail Armor
43:10 Cavalier
[O66] - ElNavegante
1:02 Loom
14:32 Feudal Age
15:46 Double-Bit Axe
25:15 Castle Age
23:53 Fletching
30:58 Fortified Wall
31:15 Fishing Lines
34:23 Crossbowman
35:31 Gillnets
37:08 Bodkin Arrow
37:18 Padded Archer Armor
41:01 Imperial Age
39:08 Wheelbarrow
38:21 Town Watch
39:07 Ballistics
38:45 Gold Mining
39:49 Caravan
40:25 Bow Saw
40:55 Hand Cart
41:42 Leather Archer Armor
41:05 Arbalester
43:01 Conscription
43:10 Bracer
43:55 Thumb Ring
44:36 Pirotechnia
46:22 Ring Archer Armor
47:01 Chemistry
49:05 Elite Genoese Crossbowman
54:48 Arson
55:03 Squires
56:33 Town Patrol
57:58 Two-Man Saw
58:46 Pikeman
60:07 Scale Mail Armor
60:17 Forging
61:52 Chain Mail Armor
[O66]EmilianoW III
0:29 Loom
5:35 Loom
11:53 Feudal Age
16:31 Castle Age
15:21 Double-Bit Axe
19:45 Fishing Lines
20:51 Bow Saw
25:45 Horse Collar
27:01 Wheelbarrow
27:59 Heavy Plow
28:21 Bloodlines
28:11 Husbandry
28:56 Hand Cart
29:51 Forging
30:57 Town Watch
31:27 Scale Barding Armor
31:59 Iron Casting
33:05 Chain Barding Armor
32:56 Gold Mining
45:04 Imperial Age
44:54 Town Patrol
47:04 Two-Man Saw
46:17 Grand Trunk Road
47:22 Plate Barding Armor
47:48 Blast Furnace
46:15 Heavy Camel Rider
48:41 Caravan
49:36 Fletching
49:42 Imperial Camel Rider
52:50 Bodkin Arrow
53:08 Elite Skirmisher
53:54 Thumb Ring
55:36 Ballistics
56:16 Chemistry
58:54 Bracer
58:55 Padded Archer Armor
59:36 Gold Shaft Mining
65:12 Leather Archer Armor
[O66] Polonio
0:30 Loom
11:38 Feudal Age
16:38 Double-Bit Axe
17:11 Horse Collar
20:28 Castle Age
19:31 Fishing Lines
22:02 Bow Saw
22:48 Fervor
24:04 Chemistry
30:17 Imperial Age
29:36 Pikeman
30:32 Forging
30:22 Scale Mail Armor
31:07 Wheelbarrow
30:21 Town Watch
33:55 Hand Cart
39:23 Ballistics
39:46 Halberdier
45:22 Town Patrol
45:38 Heavy Plow
46:40 Two-Man Saw
46:21 Iron Casting
46:01 Chain Mail Armor
45:22 Houfnice
49:00 Plate Mail Armor
49:31 Blast Furnace
48:32 Padded Archer Armor
Connection lost

Rejoining the realm…

Still unreachable

The connection could not be restored.

Session expired

The server has moved on; the page needs a fresh start.